 Dungeon Crawl Stone Soup version 0.31-a0-331-geda263fcf1 (webtiles) character file.

Game seed: 5936527924720914465

1514 Shard1697 the Grappler (level 8, 0/71 HPs)
             Began as a Yellow Draconian Shapeshifter on July 20, 2023.
             Was an Initiate of Ru.
             Succumbed to Duvessa's poison
             ... on level 6 of the Dungeon.
             The game lasted 00:06:29 (4765 turns).

Shard1697 the Grappler (DrSh)                       Turns: 4765, Time: 00:06:30

Health: 0/71       AC:  6    Str: 18    XL:     8   Next: 53%
Magic:  8/8        EV: 12    Int:  9    God:    Ru [......]
Gold:   262        SH:  4    Dex: 13    Spells: 7/7 levels left

rFire   + .          .
                       - Unarmed
rCold   . . .        (no shield)
rNeg    . . .        (body armour unavailable)
rPois   .            (helmet currently unavailable)
rElec   .            (cloak currently unavailable)
rCorr   +            (gloves currently unavailable)
SInv    .            (boots currently unavailable)
Will    .....        w - amulet of the acrobat
Stlth   +            t - ring of protection from fire
HPRegen 0.31/turn    (no ring)
MPRegen 0.11/turn

%: acrobat
@: lethally poisoned (0 -> -15), lit by a corona, beast-form, attractive,
glowing
A: beast (slay +2), spit acid, AC +6, unfitting armour, cold-blooded, acid
resistance, large bone plates 1, wild magic 1
a: Breathe Acid, Begin Untransformation, Renounce Religion


You were on level 6 of the Dungeon.
You worshipped Ru.
Ru was noncommittal.
You were a hulking beast.
You visited 2 branches of the dungeon, and saw 7 of its levels.

You collected 411 gold pieces.
You spent 149 gold pieces at shops.

Inventory:

Armour
 l - a +1 cloak
Jewellery
 j - an amulet of faith
 t - a ring of protection from fire (left hand)
 w - an amulet of the acrobat (around neck)
Talismans
 b - a beast talisman
 i - a serpent talisman
Scrolls
 a - a scroll of enchant weapon {unknown}
 e - 2 scrolls of enchant armour {unknown}
 h - 4 scrolls of identify {unknown}
 k - 3 scrolls of vulnerability {unknown}
 m - 2 scrolls of fog {unknown}
 o - 2 scrolls of fear {unknown}
 q - 2 scrolls of teleportation {unknown}
 s - a scroll of poison {unknown}
 v - a scroll of immolation {unknown}
Potions
 c - a potion of brilliance {unknown}
 g - a potion of attraction
 p - a potion of degeneration {unknown}
 r - a potion of enlightenment
 u - a potion of magic {unknown}


   Skills:
 + Level 6.4 Fighting
 - Level 1.7 Dodging
 * Level 9.4 Unarmed Combat
 - Level 3.0 Shapeshifting


You had 7 spell levels left.
You didn't know any spells.
Your spell library contained the following spells:

 Spells                   Type           Power      Damage    Failure   Level
 Animate Dead             Necr           0%         N/A       99%         4
 Haunt                    Necr/Summ      0%         N/A       100%        7
 Infestation              Necr           0%         N/A       100%        8


Dungeon Overview and Level Annotations

Branches:
Dungeon (6/15)             Temple (1/1) D:6

Altars:
Ashenzari
Cheibriados
Dithmenos
Elyvilon
Fedhas
Gozag
Hepliaklqana
Kikubaaqudgha
Nemelex Xobeh
Okawaru
Qazlal
Ru
Sif Muna
Trog
Uskayaw
Vehumet
Wu Jian
Xom
Zin

Shops:
D:2 [   D:4 [

Annotations:
D:6 2 transporters, Dowan; HotCheetoh's ghost, novice HuBe


Innate Abilities, Weirdness & Mutations

You are a hulking beast.
Your limbs bulge with bestial killing power. (Slay +2)
You can spit globs of acid.
Your golden yellow scales are hard. (AC +6)
You cannot fit into any form of body armour.
You are cold-blooded and may be slowed by cold attacks.
You are resistant to acid. (rCorr)
You are partially covered in large bone plates. (SH +4)
Your spells are a little harder to cast, but a little more powerful.


Message History

Dowan hits you with a +0 dagger. Duvessa hits you but does no damage.
You are more poisoned.
You feel much better.
You feel very sick.
Duvessa hits you with a +1 short sword of venom.
You are more poisoned.
Dowan hits you with a +0 dagger.
You punch Duvessa!
Duvessa is almost dead.
You feel very sick.
Duvessa hits you with a +1 short sword of venom!
Dowan hits you with a +0 dagger.
Duvessa hits you with a +1 short sword of venom.
You are lethally poisoned!
You barely miss Duvessa.
Duvessa is almost dead.
* * * LOW HITPOINT WARNING * * *
You feel very sick.
Duvessa hits you with a +1 short sword of venom!
* * * LOW HITPOINT WARNING * * *
Dowan closely misses you.
You hit Duvessa.
Duvessa is almost dead.
* * * LOW HITPOINT WARNING * * *
You feel very sick. Duvessa closely misses you.
Dowan mumbles some strange words.
Dowan blinks!
Dowan is attracted toward you.
You hit Duvessa.
You kill Duvessa!
Dowan screams, "No!
Oh no!"
Dowan seems to find hidden reserves of power!
* * * LOW HITPOINT WARNING * * *
You feel very sick.
Dowan mumbles some strange words.
Dowan blinks!
It was a potion of mutation.
You feel extremely strange.
Large bone plates grow over parts of your arms.
You feel less in control of your magic.
You die...

##############.# #.#
.......>.......# #.#
.############### #.#
.# #.# .# #.# .# #.#
.# #.#
.###################.#
#.#######
..........§.§...h)...#
#........
.#####################
######### ##


There were no monsters in sight!

Vanquished Creatures
  2 yaks
  Duvessa (D:6)
  Edmund (D:4)
  A water moccasin (D:5)
  A sky beast (D:6)
  A black bear (D:6)
  3 scorpions
  A howler monkey (D:6)
  An orc priest (D:5)
  2 jellies
  6 hounds
  2 iguanas (D:6)
  4 adders
  3 white imps (D:6)
  An ufetubus (D:5)
  5 worms
  2 dart slugs
  15 orcs
  10 ball pythons
  4 bats
  9 endoplasms
  3 giant cockroaches
  12 goblins
  12 hobgoblins
  5 jackals
  A quokka (D:2)
  5 frilled lizards
  11 kobolds
  6 rats
130 creatures vanquished.

Notes
Turn   | Place    | Note
-------+----------+-------------------------------------------
     0 | D:1      | Shard1697 the Draconian Shapeshifter began the quest for
                  | the Orb.
     0 | D:1      | Reached XP level 1. HP: 17/17 MP: 1/1
   253 | D:1      | Reached XP level 2. HP: 24/24 MP: 2/2
   407 | D:1      | Reached skill level 3 in Unarmed Combat
   871 | D:2      | Reached XP level 3. HP: 29/29 MP: 3/3
  1170 | D:2      | Reached skill level 4 in Unarmed Combat
  1324 | D:2      | Found Icha's Armour Boutique.
  1330 | D:2      | Bought a +1 cloak for 149 gold pieces
  1447 | D:3      | Found a faded altar of an unknown god.
  1509 | D:3      | Reached XP level 4. HP: 36/36 MP: 4/4
  1640 | D:3      | Found a radiant altar of Vehumet.
  2046 | D:4      | Reached skill level 5 in Unarmed Combat
  2190 | D:4      | Found Wonunoa's Antique Armour Emporium.
  2210 | D:4      | Noticed a scorpion
  2215 | D:4      | Killed a scorpion
  2216 | D:4      | Reached XP level 5. HP: 36/42 MP: 5/5
  2577 | D:4      | Noticed Edmund
  2592 | D:4      | Killed Edmund
  2593 | D:4      | Reached skill level 6 in Unarmed Combat
  2593 | D:4      | Reached XP level 6. HP: 51/51 MP: 6/6
  2848 | D:5      | Entered Level 5 of the Dungeon
  2922 | D:5      | Noticed a water moccasin
  2944 | D:5      | Killed a water moccasin
  3102 | D:5      | Reached skill level 7 in Unarmed Combat
  3102 | D:5      | Your scales start taking on a golden yellow colour.
  3102 | D:5      | Reached XP level 7. HP: 53/60 MP: 7/7
  3102 | D:5      | Gained mutation: You are resistant to acid. (rCorr) [Yellow
                  | Draconian growth]
  3618 | D:6      | Found a hide-covered altar of Uskayaw.
  3647 | D:6      | Found a staircase to the Ecumenical Temple.
  3653 | Temple   | Entered the Ecumenical Temple
  3662 | Temple   | Became a worshipper of Ru the Awakened
  3711 | D:6      | Reached skill level 5 in Fighting
  3772 | D:6      | Found a transporter.
  3775 | D:6      | Noticed HotCheetoh's ghost (novice HuBe)
  3776 | D:6      | Found a transporter.
  3791 | D:6      | Noticed a yak
  3792 | D:6      | Noticed a yak
  3823 | D:6      | Killed a yak
  3824 | D:6      | Reached skill level 8 in Unarmed Combat
  4022 | D:6      | Noticed a yak
  4022 | D:6      | Noticed a yak
  4062 | D:5      | Killed a yak
  4063 | D:5      | Reached XP level 8. HP: 59/70 MP: 8/8
  4413 | D:6      | Reached skill level 9 in Unarmed Combat
  4740 | D:6      | Noticed Dowan
  4741 | D:6      | Noticed Duvessa
  4764 | D:6      | Killed Duvessa
  4764 | D:6      | HP: 2/70 [poisoned by Duvessa]
  4765 | D:6      | Gained mutation: You are partially covered in large bone
                  | plates. (SH +4) [potion of mutation]
  4765 | D:6      | Gained mutation: Your spells are a little harder to cast,
                  | but a little more powerful. [potion of mutation]
  4765 | D:6      | Succumbed to Duvessa's poison

Illustrated notes

Levels and vault maps discovered:
D:1:      evilmike_arrival_fibonacci_small, layout_basic
D:2:      layout_basic, serial_shops, nicolae_square_shop,
          kennysheep_another_room, minmay_heptomino_l4
D:3:      layout_rooms, fiery_altar_vehumet, nicolae_ecumenical_pavilion,
          minmay_goblin_outpost
D:4:      layout_loops_ring, serial_shops, shop, uniq_edmund
D:5:      layout_rooms, corexii_item_surrounded_by_moat,
          kennysheep_generic_room_14
D:6:      nicolae_cairo_tiling_large, layout_basic,
          eat_drink_and_be_merry_uskayaw, minmay_temple_entry_steel_oval,
          gammafunk_ghost_arena, st_stairs_7, uniq_duvessa
Temple:   nicolae_temple_bog_church

Skill      XL: |  1  2  3  4  5  6  7  8 |
---------------+-------------------------+-----
Unarmed Combat | 3 4 5 6 7 8 9 |  9.4
Fighting       | 3 4 5 6 |  6.4
Dodging        | |  1.7
Shapeshifting  | |  3.0

Action                     |  1- 3 |  4- 6 |  7- 9 || total
---------------------------+-------+-------+-------++-------
  Melee: Unarmed           |   112 |   149 |   124 ||   385
         Tailslap          |    21 |    19 |    16 ||    56
         Punch             |     4 |     7 |     3 ||    14
Ability: Breathe Acid      |       |       |     2 ||     2
    Use: Potion            |       |     2 |     8 ||    10
   Stab: Sleeping          |     3 |     3 |     1 ||     7
 Armour: Skin              |    17 |    56 |    38 ||   111
  Dodge: Dodged            |    57 |    67 |    79 ||   203

Table legend: (Time is in decaauts)
 A = Elapsed time spent in this place.
 B = Non-inter-level travel time spent in this place.
 C = Inter-level travel time spent in this place.
 D = Time resting spent in this place.
 E = Time spent auto-exploring this place.
 F = Levels seen in this place.
 G = Mean time per level.
                   A        B        C        D        E       F      G
               +--------+--------+--------+--------+--------+-----+--------+
         Total |   4728 |   4634 |     94 |    562 |   3125 |   7 |  675.4 |
       Dungeon |   4709 |   4623 |     86 |    562 |   3125 |   6 |  784.8 |
        Temple |     18 |     10 |      8 |      0 |      0 |   1 |   18.0 |
               +--------+--------+--------+--------+--------+-----+--------+

Top non-repeatable levels by time:
     D:6: 1103 daAuts
     D:4: 929 daAuts
     D:1: 847 daAuts
     D:5: 689 daAuts
     D:2: 595 daAuts
     D:3: 545 daAuts
  Temple: 18 daAuts
